 Dungeon Crawl Stone Soup version 0.29.1 (webtiles) character file.

Game seed: 17102089764891286414

16 masschaos23 the Trooper (level 2, 0/24 HPs)
             Began as a Human Chaos Knight on Sept 13, 2022.
             Was a Plaything of Xom.
             Slain by a goblin
             ... wielding a +2 dagger of venom
              (2 damage)
             ... on level 1 of the Dungeon.
             The game lasted 00:03:49 (471 turns).

masschaos23 the Trooper (Human Chaos Knight)         Turns: 471, Time: 00:03:50

Health: 0/24       AC:  5    Str: 12    XL:     2   Next: 75%
Magic:  2/2        EV: 11    Int: 12    God:    Xom [.*....]
Gold:   41         SH:  0    Dex: 12    Spells: 1/1 levels left

rFire   . . .      SeeInvis .   a - +0 spear (chaos)
rCold   . . .      Faith    .   (no shield)
rNeg    . . .      Spirit   .   b - +2 leather armour
rPois   .          Reflect  .   (no helmet)
rElec   .          Harm     .   (no cloak)
rCorr   .          Rampage  .   (no gloves)
Will    .....                   (no boots)
Stlth   +.........              (no amulet)
HPRegen 0.08/turn               (no ring)
MPRegen 0.08/turn               (no ring)

@: lethally poisoned (0 -> -16)
A: no striking features
a: Renounce Religion


You were on level 1 of the Dungeon.
You worshipped Xom.
You were a plaything of Xom.
You visited 1 branch of the dungeon, and saw 1 of its levels.

You collected 41 gold pieces.

Inventory:

Hand Weapons
 a - a +0 spear of chaos (weapon)
Missiles
 f - 3 stones (quivered)
Armour
 b - a +2 leather armour (worn)
Scrolls
 e - a scroll of vulnerability {unknown}
Potions
 d - a potion of curing {unknown}
Miscellaneous
 c - a piece from Xom's chessboard (14/15)


   Skills:
 + Level 3.3 Fighting
 + Level 3.2 Polearms
 + Level 2.5 Armour
 + Level 1.0 Dodging


You had one spell level left.
You didn't know any spells.
Your spell library contained the following spells:

 Spells                   Type           Power      Damage    Failure   Level
 Passage of Golubria      Tloc           0%         N/A       99%         4
 Silence                  Hex/Air        0%         N/A       100%        5
 Lehudib's Crystal Spear  Conj/Erth      0%         10d2      100%        8


Dungeon Overview and Level Annotations

Branches:
Dungeon (1/15)

Altars:


Message History

You are too injured to fight recklessly!
You are too injured to fight recklessly!
You are too injured to fight recklessly!
You are too injured to fight recklessly!
You are too injured to fight recklessly!
You are too injured to fight recklessly!
You are too injured to fight recklessly!
You are too injured to fight recklessly!
You are too injured to fight recklessly!
You are too injured to fight recklessly!
You are too injured to fight recklessly!
You are too injured to fight recklessly!
You are too injured to fight recklessly!
You are too injured to fight recklessly!
You are too injured to fight recklessly!
You are too injured to fight recklessly!
You are too injured to fight recklessly!
You are too injured to fight recklessly!
You are too injured to fight recklessly!
You are too injured to fight recklessly!
You are too injured to fight recklessly!
You are too injured to fight recklessly!
You are too injured to fight recklessly!
You closely miss the rat.
You feel sick. The goblin hits you but does no damage.
You are lethally poisoned!
The rat barely misses you.
You hit the rat.
You kill the rat!
* * * LOW HITPOINT WARNING * * *
You feel sick.
The goblin hits you with a +2 dagger of venom.
* * * LOW HITPOINT WARNING * * *
You are more poisoned.
You closely miss the goblin.
* * * LOW HITPOINT WARNING * * *
You feel very sick.
The goblin hits you with a +2 dagger of venom.
You die... "It's all fun and games until someone loses an eye."

#.# ... #.# #.# #.#
#.# #.# #.# ##.#
#.#### ##..# #.##.##
#...#########.....####
.............$..@†...+
#...###########.g.####
##...# #..## ##...####
#.## ........# ...
........# ....
........# .....
#....##.# #.##.#
#..†.##.#


You could see a goblin.

Vanquished Creatures
  A dart slug (D:1)
  3 ball pythons (D:1)
  2 endoplasms (D:1)
  2 hobgoblins (D:1)
  A kobold (D:1)
  A quokka (D:1)
  4 rats (D:1)
14 creatures vanquished.

Notes
Turn   | Place    | Note
-------+----------+-------------------------------------------
     0 | D:1      | masschaos23 the Human Chaos Knight began the quest for the
                  | Orb.
     0 | D:1      | Reached XP level 1. HP: 18/18 MP: 1/1
   228 | D:1      | Reached XP level 2. HP: 24/24 MP: 2/2
   247 | D:1      | XOM: divination: detect items
   471 | D:1      | Slain by a goblin

Illustrated notes

Levels and vault maps discovered:
D:1:      scummos_arrival_gate, layout_loops_corners,
          shapermc_ecumenical_altar_starsandcircs

Action                   || total
-------------------------++-------
Melee: Spear             ||    47
Throw: Stone             ||     2
Evoke: Piece from Xom's  ||     1
Armor: Leather armour    ||    15
Dodge: Dodged            ||    24
